 Dungeon Crawl Stone Soup version 0.23-a0-622-g59b4ea9 (webtiles) character file.

1456 Lilu the Magician (level 8, 0/46 HPs)
             Began as a Deep Elf Wizard on Dec 23, 2018.
             Was a Follower of Vehumet.
             Slain by an orc warrior
             ... wielding a +0 halberd
              (17 damage)
             ... in a bailey.
             The game lasted 00:30:02 (8133 turns).

Lilu the Magician (Deep Elf Wizard)                 Turns: 8133, Time: 00:30:03

Health: 0/46       AC: 11    Str:  6    XL:     8   Next: 47%
Magic:  20/20      EV:  8    Int: 24    God:    Vehumet [*.....]
Gold:   349        SH: 15    Dex: 13    Spells: 6/21 levels left

rFire    . . .     SeeInvis .   x - +3 dagger (chaos)
rCold    . . .     Gourm    .   t - +2 large shield {AC+3}
rNeg     . . .     Faith    .   m - +0 leather armour
rPois    .         Spirit   .   j - +1 helmet
rElec    .         Reflect  +   e - +0 cloak
rCorr    .         Harm     .   (no gloves)
MR       .....                  (no boots)
Stlth    ++........             b - +4 amulet of reflection
HPRegen  0.15/turn              w - +2 ring of protection
MPRegen  0.17/turn              (no ring)

@: no status effects
A: no striking features
a: Renounce Religion


You were in a bailey.
You worshipped Vehumet.
Vehumet was aware of your devotion.
You were hungry.

You visited 1 branch of the dungeon, and saw 6 of its levels.
You also visited: Bailey.

You collected 349 gold pieces.

Inventory:

Hand Weapons
 h - a +1 short sword
 u - a +0 spear
 x - a +3 dagger of chaos (weapon)
Missiles
 p - 8 silver javelins (quivered)
Armour
 e - a +0 cloak (worn)
 j - a +1 helmet (worn)
 m - a +0 leather armour (worn)
 t - a +2 large shield of protection (worn)
Jewellery
 b - a +4 amulet of reflection (around neck)
 w - a +2 ring of protection (left hand)
Wands
 r - a wand of polymorph (8)
Scrolls
 c - 7 scrolls of identify
 k - 3 scrolls of enchant weapon
 l - 2 scrolls of enchant armour
 n - a scroll of blinking
 o - 2 scrolls of remove curse
 y - a scroll of teleportation
 z - a scroll of immolation {unknown}
Potions
 a - a potion of lignification
 f - 2 potions of agility
 g - 3 potions of curing
 i - a potion of heal wounds {unknown}
 q - 2 potions of might
 s - 3 potions of flight {unknown}
 v - a potion of degeneration {unknown}
Comestibles
 d - 7 rations


   Skills:
 - Level 3.0 Fighting
 - Level 5.0 Dodging
 - Level 3.0 Stealth
 + Level 7.2 Spellcasting
 - Level 5.1 Conjurations
 + Level 4.7 Summonings
 - Level 2.0 Translocations
 - Level 2.0 Fire Magic
 - Level 2.1 Air Magic
 - Level 2.2 Poison Magic


You had 6 spell levels left.
You knew the following spells:

 Your Spells              Type           Power        Failure   Level  Hunger
a - Magic Dart            Conj           ####         34%         1    None
b - Blink                 Tloc           N/A          88%         2    None
c - Call Imp              Summ           ####....     52%         2    None
d - Conjure Flame         Conj/Fire      ####....     89%         3    None
e - Mephitic Cloud        Conj/Pois/Air  ###.....     93%         3    None
f - Summon Lightning Spi  Summ/Air       ####....     100%        4    ###....

Your spell library contained the following spells:

 Spells                   Type           Power        Failure   Level  Hunger
 Sandblast                Erth           #.....       96%         1    None
 Summon Small Mammal      Summ           ####         38%         1    None
 Call Canine Familiar     Summ           ####....     77%         3    None
 Summon Guardian Golem    Hex/Summ       ###.....     97%         3    None
 Slow                     Hex            #.......     99%         2    None
 Summon Ice Beast         Ice/Summ       ###.....     100%        4    ###....


Dungeon Overview and Level Annotations

Branches:
Dungeon (7/15)             Temple (0/1) D:5

Altars:
Dithmenos
Kikubaaqudgha
Makhleb
Okawaru
Ru
Trog
Uskayaw
Vehumet
Wu Jian
Xom

Shops:
D:4 [


Message History

Something hits you.
* * * LOW HITPOINT WARNING * * *
Why would you want to do that?
Things that are here:
a +0 halberd; a +0 scale mail An orc warrior appears from thin air!
Reactivating autopickup.
You block the orc warrior's attack.
You closely miss the orc warrior.
The orc warrior is heavily wounded.
You hit the orc warrior but do no damage.
The orc warrior is heavily wounded.
You block the orc warrior's attack.
You hit the orc warrior but do no damage.
The orc warrior is heavily wounded.
You block the orc warrior's attack.
You closely miss the orc warrior.
The orc warrior is heavily wounded.
The orc warrior hits you with a +0 halberd!
You die...

##≈≈...≈≈≈.....≈≈≈.≈≈.#⌠..#
#≈≈⌠..≈≈..≈≈≈≈≈..≈≈.≈.##..#
#≈≈..≈≈.≈≈≈...≈≈≈.≈.≈≈.#..##
#≈...≈.≈≈..⌠.⌠..≈.≈≈.≈.#..+.
#≈...≈.....∩∩∩..≈))..≈.#..+.
#≈...≈.≈≈..⌠.⌠..≈.≈≈.≈.#..+.
#≈≈..≈≈.≈≈≈...≈≈≈.≈.≈≈.#..##
#≈≈⌠..≈≈..≈≈≈≈≈..≈≈.≈.##..#
##≈≈..)≈≈≈.@o..≈≈≈.≈≈.#⌠..#
##≈≈.)).≈≈≈≈≈≈≈..≈≈..#...#
##≈..≈≈.).....≈≈≈.⌠.#)..#
#≈)..≈≈≈≈≈≈≈≈≈....##...#
#≈............#####....#
####'##########⌠.......#
#.......o..)..........##
##...................##
##≈≈≈≈≈≈≈≈≈≈≈≈≈≈≈≈≈##


You could see an orc warrior.

Vanquished Creatures
  3 orc warriors (Bailey)
  A sky beast (D:4)
  2 ogres
  A phantom (D:5)
  2 centaurs (Bailey)
  A scorpion (D:4)
  2 howler monkeys (D:5)
  2 crimson imps (D:5)
  A quasit (D:7)
  A jelly (D:5)
  A centaur zombie (D:5)
  An orc priest (D:5)
  2 bullfrog skeletons (D:5)
  An orc wizard (D:5)
  A centaur skeleton (D:4)
  A worker ant (D:4)
  A worker ant zombie (D:3)
  A gnoll (D:4)
  7 adders
  An ooze (D:2)
  An adder zombie (D:5)
  2 adder skeletons
  3 worms (D:3)
  2 leopard geckos (D:4)
  15 orcs
  7 giant cockroaches
  6 goblins
  7 hobgoblins
  A jackal (D:4)
  4 quokkas
  A ball python (D:3)
  9 bats
  3 frilled lizards
  7 kobolds
  A quokka skeleton (D:4)
  4 rats
106 creatures vanquished.

Vanquished Creatures (collateral kills)
  A phantom (D:4)
  An orc (Bailey)
  A goblin (D:7)
3 creatures vanquished.

Grand Total: 109 creatures vanquished

Notes
Turn   | Place    | Note
-------+----------+-------------------------------------------
     0 | D:1      | Lilu the Deep Elf Wizard began the quest for the Orb.
     0 | D:1      | Reached XP level 1. HP: 10/10 MP: 7/7
   223 | D:1      | Reached XP level 2. HP: 15/15 MP: 2/9
   227 | D:1      | Learned a level 2 spell: Blink
   230 | D:1      | Learned a level 2 spell: Call Imp
  1055 | D:2      | Found an ornate altar of the Wu Jian Council.
  1346 | D:2      | Reached XP level 3. HP: 18/20 MP: 2/11
  1419 | D:2      | Learned a level 3 spell: Conjure Flame
  1423 | D:2      | Learned a level 3 spell: Mephitic Cloud
  1544 | D:2      | Reached skill level 1 in Fighting
  2241 | D:3      | Reached skill level 5 in Spellcasting
  2347 | D:3      | Reached XP level 4. HP: 25/25 MP: 5/13
  3128 | D:3      | Found a hide-covered altar of Uskayaw.
  3129 | D:3      | Found a sacrificial altar of Ru.
  3131 | D:3      | Found a bloodstained altar of Trog.
  3132 | D:3      | Found an iron altar of Okawaru.
  3132 | D:3      | Found a radiant altar of Vehumet.
  3133 | D:3      | Found a shadowy altar of Dithmenos.
  3135 | D:3      | Found an ancient bone altar of Kikubaaqudgha.
  3154 | D:3      | Became a worshipper of Vehumet
  3357 | D:4      | Reached skill level 1 in Air Magic
  3357 | D:4      | Reached skill level 1 in Poison Magic
  3357 | D:4      | Reached XP level 5. HP: 29/29 MP: 4/14
  3995 | D:4      | Noticed a sky beast
  4013 | D:4      | HP: 1/29 [something (5)]
  4014 | D:4      | Killed a sky beast
  4014 | D:4      | Reached skill level 1 in Fire Magic
  4277 | D:4      | Noticed a phantom
  4360 | D:4      | Killed a phantom
  4360 | D:4      | Reached XP level 6. HP: 17/34 MP: 1/15
  4921 | D:4      | Found Qehuiwkur's Antique Armour Emporium.
  5074 | D:5      | Entered Level 5 of the Dungeon
  5176 | D:5      | Found a staircase to the Ecumenical Temple.
  5448 | D:5      | Reached XP level 7. HP: 36/40 MP: 3/16
  5717 | D:5      | Learned a level 4 spell: Summon Lightning Spire
  5905 | D:5      | Reached skill level 5 in Dodging
  5965 | D:5      | Reached * piety under Vehumet
  5965 | D:5      | Offered knowledge of Sandblast by Vehumet.
  6093 | D:5      | Identified the +7 hand axe of Dissatisfaction {chop, -Tele
                  | rPois rN+ Int+4}
  6348 | D:5      | Found a burning altar of Makhleb.
  6350 | D:5      | Found a shimmering altar of Xom.
  6352 | D:5      | You fall through a shaft for 2 floors!
  6508 | D:7      | Found a flagged portal.
  6543 | Bailey   | Entered a bailey
  6549 | Bailey   | Reached XP level 8. HP: 46/46 MP: 11/18
  6575 | Bailey   | Reached skill level 6 in Spellcasting
  7514 | Bailey   | Reached skill level 5 in Conjurations
  7895 | Bailey   | Reached skill level 7 in Spellcasting
  8133 | Bailey   | Slain by an orc warrior

Vault maps used:
D:1:      dpeg_arrival_round_c, minmay_misc_feat_iff
D:2:      marbit_many_paths
D:3:      grunt_temple_overflow_open
D:4:      kennysheep_six_static_rooms, serial_shops, kennysheep_mini_moat,
          first_ration, amethyst_killhole
D:5:      grunt_temple_overflow_champion_of_chaos, old_standard_altar,
          minmay_temple_entry_tees
D:7:      enter_bailey_3
Bailey:   bailey_polearm_flooded_kennysheep, bailey

Skill      XL: |  1  2  3  4  5  6  7  8 |
---------------+-------------------------+-----
Stealth        | 3 |  3.0
Dodging        | 3 4 5 |  5.0
Fighting       | 1 2 3 |  3.0
Conjurations   | 2 3 4 5 |  5.1
Spellcasting   | 5 7 |  7.2
Air Magic      | 1 2 |  2.1
Poison Magic   | 1 2 |  2.2
Fire Magic     | 1 2 |  2.0
Summonings     | 2 3 4 |  4.7
Translocations | 2 |  2.0

Action                   |  1- 3 |  4- 6 |  7- 9 || total
-------------------------+-------+-------+-------++-------
Melee: Short sword       |     4 |    25 |       ||    29
       Spear             |       |    13 |       ||    13
       Dagger            |       |       |   119 ||   119
 Cast: Magic Dart        |   101 |   134 |   132 ||   367
       Call Imp          |       |    18 |     7 ||    25
       Blink             |       |     6 |       ||     6
       Conjure Flame     |       |     4 |     1 ||     5
       Mephitic Cloud    |       |     4 |     3 ||     7
  Use: Potion            |     3 |     1 |       ||     4
       Scroll            |       |     9 |       ||     9
 Stab: Distracted        |       |     2 |       ||     2
       Confused          |       |     2 |     1 ||     3
       Paralysed         |       |       |     1 ||     1
       Petrified         |       |       |     3 ||     3
       Petrifying        |       |       |     2 ||     2
  Eat: Chunk             |     4 |     4 |     7 ||    15
       Ration            |       |     2 |       ||     2
Armor: Robe              |     5 |       |       ||     5
       Leather armour    |       |    15 |    28 ||    43
Dodge: Dodged            |    22 |    39 |    60 ||   121
Block: Other             |       |    10 |    17 ||    27
       Reflection        |       |       |     2 ||     2
       Large shield      |       |       |    40 ||    40

Table legend:
 A = Non-vault XP
 B = Vault XP
 C = Vault XP percentage of total XP
 D = Non-vault monster count
 E = Vault monster count
 F = Vault count percentage of total count
                 A         B        C        D         E       F
            +---------+---------+-------+---------+---------+-------
      Total |    1196 |     884 |  42.5 |      80 |      29 |  26.6
            +---------+---------+-------+---------+---------+-------
        D:1 |      26 |       0 |   0.0 |      17 |       0 |   0.0
        D:2 |      57 |       0 |   0.0 |      16 |       0 |   0.0
        D:3 |      94 |       0 |   0.0 |      19 |       0 |   0.0
        D:4 |     304 |     170 |  35.9 |      10 |       4 |  28.6
        D:5 |     669 |      48 |   6.7 |      17 |       1 |   5.6
        D:7 |      46 |       8 |  14.8 |       1 |       4 |  80.0
     Bailey |       0 |     658 | 100.0 |       0 |      20 | 100.0
            +---------+---------+-------+---------+---------+-------
